[ PARTIDA AOE2 · #495924252 ]
UnrankedBengalíes vs Saracens
Equipo del jugador · VICT
Equipo rival · DERR
[ ANÁLISIS DE REPETICIÓN · EXTRAÍDO DE LA PARTIDA GRABADA ]
Feudal
8:55
Castillos
23:13
Imperial
42:38
| APM promedio | 55.6 |
| APM pico | 101 |
| eAPM promedio | 35.0 |
| Aldeanos / militares | 214 / 162 |
Foco
⚔️ 51.8% · 🌾 48.2%
Scout Cavalry ×114 · Skirmisher ×22 · Mangonel ×13 · Monk ×7 · Armored Elephant ×3 · Trebuchet (Packed) ×2
Feudal
10:14
Castillos
25:22
Imperial
38:45
| APM promedio | 40.7 |
| APM pico | 73 |
| eAPM promedio | 24.4 |
| Aldeanos / militares | 112 / 117 |
Foco
⚔️ 46.4% · 🌾 53.6%
Archer ×93 · Skirmisher ×13 · Mangonel ×7 · Spearman ×2 · Bombard Cannon ×2
Mapa de la partida
Recursos iniciales + cada clic de construcción. Líneas = muros · curvas = relieve. ◆ oro · ⬟ piedra · ● bayas · ✦ reliquia · ◌ hueco del cierre
Tu base· ✓ Cerrada en 23:13 · 38t muro · 2 puerta(s)
Base de [BSF] Hobbes· ✓ Cerrada en 25:22 · 36t muro · 1 puerta(s)
Terreno inicial suavizado · ◌ = hueco del cierre detectado · pasá el cursor para detalles
Inputs por minuto
— CORP_Leugim - - [BSF] Hobbes
Build order — CORP_Leugim
Primeras 150 de 624 acciones detectadas
| 0:00 | Crear | Villager (Male) |
| 0:01 | Construir | House |
| 0:02 | Construir | House |
| 0:06 | Crear | Villager (Male) |
| 0:06 | Crear | Villager (Male) |
| 0:12 | Crear | Villager (Male) |
| 0:12 | Crear | Villager (Male) |
| 0:12 | Crear | Villager (Male) |
| 1:24 | Crear | Villager (Male) |
| 1:24 | Crear | Villager (Male) |
| 1:24 | Crear | Villager (Male) |
| 1:54 | Construir | Lumber Camp |
| 1:59 | Crear | Villager (Male) |
| 2:00 | Crear | Villager (Male) |
| 2:00 | Crear | Villager (Male) |
| 2:00 | Crear | Villager (Male) |
| 2:17 | Crear | Villager (Male) |
| 2:18 | Crear | Villager (Male) |
| 2:18 | Crear | Villager (Male) |
| 2:44 | Crear | Villager (Male) |
| 2:44 | Crear | Villager (Male) |
| 2:44 | Crear | Villager (Male) |
| 3:12 | Crear | Villager (Male) |
| 3:12 | Crear | Villager (Male) |
| 3:38 | Crear | Villager (Male) |
| 3:38 | Crear | Villager (Male) |
| 3:53 | Construir | House |
| 3:54 | Construir | House |
| 4:23 | Crear | Villager (Male) |
| 4:24 | Crear | Villager (Male) |
| 4:24 | Crear | Villager (Male) |
| 4:44 | Construir | Palisade Wall |
| 4:58 | Crear | Villager (Male) |
| 4:58 | Crear | Villager (Male) |
| 5:24 | Crear | Villager (Male) |
| 5:24 | Crear | Villager (Male) |
| 5:34 | Construir | Mill |
| 5:43 | Investigar | Loom |
| 6:45 | Investigar | Feudal Age |
| 6:46 | Investigar | Feudal Age |
| 6:47 | Construir | Lumber Camp |
| 7:11 | Crear | Villager (Male) |
| 7:59 | Construir | Barracks |
| 8:55 | Edad | Edad Feudal |
| 8:57 | Investigar | Double-Bit Axe |
| 8:58 | Construir | Stable |
| 9:00 | Crear | Villager (Male) |
| 9:07 | Construir | House |
| 9:08 | Construir | Palisade Wall |
| 9:18 | Crear | Villager (Male) |
| 9:20 | Construir | Palisade Wall |
| 9:21 | Construir | Palisade Wall |
| 9:22 | Construir | Palisade Wall |
| 9:28 | Construir | Palisade Wall |
| 9:29 | Construir | Palisade Wall |
| 9:30 | Construir | Palisade Wall |
| 9:30 | Construir | Palisade Wall |
| 9:33 | Construir | Palisade Wall |
| 9:37 | Construir | Palisade Wall |
| 9:46 | Crear | Scout Cavalry |
| 9:46 | Crear | Scout Cavalry |
| 10:13 | Crear | Villager (Male) |
| 10:21 | Construir | Farm |
| 10:22 | Construir | Farm |
| 10:23 | Construir | Farm |
| 10:24 | Construir | Farm |
| 10:28 | Crear | Villager (Male) |
| 10:43 | Construir | Farm |
| 10:48 | Construir | Farm |
| 10:57 | Construir | House |
| 11:02 | Crear | Villager (Male) |
| 11:07 | Construir | Farm |
| 11:16 | Crear | Villager (Male) |
| 11:19 | Construir | Farm |
| 11:26 | Crear | Villager (Male) |
| 11:33 | Construir | Farm |
| 11:41 | Crear | Villager (Male) |
| 11:52 | Crear | Scout Cavalry |
| 11:52 | Crear | Scout Cavalry |
| 12:06 | Crear | Villager (Male) |
| 12:10 | Crear | Villager (Male) |
| 12:14 | Construir | Archery Range |
| 12:22 | Construir | House |
| 12:26 | Crear | Scout Cavalry |
| 12:26 | Crear | Scout Cavalry |
| 12:29 | Crear | Villager (Male) |
| 12:43 | Crear | Villager (Male) |
| 12:50 | Construir | Mining Camp |
| 12:54 | Crear | Scout Cavalry |
| 12:54 | Crear | Scout Cavalry |
| 12:55 | Crear | Villager (Male) |
| 13:04 | Construir | Farm |
| 13:22 | Crear | Skirmisher |
| 13:22 | Crear | Skirmisher |
| 13:22 | Crear | Skirmisher |
| 13:42 | Crear | Skirmisher |
| 13:45 | Crear | Villager (Male) |
| 13:54 | Construir | Blacksmith |
| 14:00 | Crear | Villager (Male) |
| 14:02 | Crear | Skirmisher |
| 14:02 | Crear | Skirmisher |
| 14:10 | Crear | Skirmisher |
| 14:14 | Investigar | Town Watch |
| 14:16 | Construir | House |
| 14:19 | Construir | House |
| 14:20 | Crear | Villager (Male) |
| 14:26 | Crear | Villager (Male) |
| 14:46 | Crear | Skirmisher |
| 14:50 | Investigar | Fletching |
| 14:57 | Construir | Palisade Wall |
| 14:59 | Construir | Palisade Wall |
| 15:01 | Crear | Skirmisher |
| 15:03 | Crear | Villager (Male) |
| 15:07 | Construir | Farm |
| 15:11 | Construir | Farm |
| 15:13 | Construir | Farm |
| 15:13 | Crear | Skirmisher |
| 15:13 | Crear | Skirmisher |
| 15:23 | Construir | Farm |
| 15:28 | Crear | Skirmisher |
| 15:36 | Crear | Villager (Male) |
| 15:37 | Construir | Farm |
| 15:40 | Crear | Villager (Male) |
| 15:53 | Crear | Skirmisher |
| 15:59 | Construir | Farm |
| 16:01 | Crear | Villager (Male) |
| 16:13 | Investigar | Padded Archer Armor |
| 16:24 | Construir | Farm |
| 16:28 | Crear | Villager (Male) |
| 16:33 | Construir | Palisade Gate |
| 16:36 | Construir | Palisade Wall |
| 16:39 | Crear | Skirmisher |
| 16:39 | Crear | Skirmisher |
| 16:44 | Crear | Villager (Male) |
| 16:59 | Construir | Palisade Gate |
| 17:08 | Construir | Lumber Camp |
| 17:13 | Construir | House |
| 17:29 | Investigar | Wheelbarrow |
| 17:29 | Investigar | Wheelbarrow |
| 17:33 | Crear | Villager (Male) |
| 17:34 | Construir | House |
| 17:43 | Crear | Villager (Male) |
| 17:43 | Crear | Villager (Male) |
| 17:51 | Crear | Villager (Male) |
| 17:55 | Construir | Farm |
| 17:56 | Construir | Farm |
| 18:09 | Crear | Skirmisher |
| 18:09 | Crear | Skirmisher |
| 18:23 | Crear | Villager (Male) |
| 18:33 | Crear | Scout Cavalry |
Build order — [BSF] Hobbes
Primeras 150 de 298 acciones detectadas
| 0:02 | Construir | House |
| 0:04 | Construir | House |
| 0:07 | Crear | Villager (Male) ×4 |
| 1:29 | Crear | Villager (Male) |
| 1:51 | Construir | Lumber Camp |
| 2:10 | Crear | Villager (Male) |
| 2:10 | Crear | Villager (Male) |
| 2:39 | Crear | Villager (Male) |
| 2:39 | Crear | Villager (Male) |
| 3:00 | Crear | Villager (Male) |
| 3:00 | Crear | Villager (Male) |
| 3:11 | Crear | Villager (Male) |
| 3:43 | Crear | Villager (Male) |
| 3:43 | Crear | Villager (Male) |
| 3:58 | Construir | House |
| 3:59 | Construir | House |
| 4:01 | Crear | Villager (Male) |
| 4:24 | Construir | Mill |
| 4:36 | Crear | Villager (Male) |
| 4:52 | Crear | Villager (Male) |
| 5:22 | Crear | Villager (Male) |
| 5:34 | Crear | Villager (Male) |
| 5:34 | Crear | Villager (Male) |
| 5:59 | Construir | Palisade Wall |
| 6:04 | Crear | Villager (Male) |
| 6:22 | Crear | Villager (Male) |
| 6:22 | Crear | Villager (Male) |
| 6:23 | Investigar | Loom |
| 7:08 | Construir | Lumber Camp |
| 8:00 | Investigar | Feudal Age |
| 8:16 | Construir | Mining Camp |
| 8:37 | Construir | Barracks |
| 9:09 | Construir | House |
| 9:13 | Construir | Palisade Wall |
| 9:14 | Construir | Palisade Wall |
| 9:49 | Crear | Villager (Male) |
| 9:49 | Crear | Villager (Male) |
| 10:14 | Edad | Edad Feudal |
| 10:16 | Construir | Archery Range |
| 10:17 | Construir | Archery Range |
| 10:27 | Investigar | Double-Bit Axe |
| 10:28 | Crear | Villager (Male) |
| 10:41 | Crear | Villager (Male) |
| 10:47 | Construir | House |
| 10:50 | Construir | Palisade Wall |
| 10:55 | Crear | Villager (Male) |
| 11:01 | Crear | Archer |
| 11:22 | Construir | Blacksmith |
| 11:35 | Construir | Blacksmith |
| 11:44 | Construir | Palisade Gate |
| 11:53 | Crear | Archer |
| 11:54 | Crear | Archer |
| 11:55 | Crear | Villager (Male) |
| 12:00 | Construir | Palisade Wall |
| 12:02 | Construir | Palisade Wall |
| 12:04 | Construir | Palisade Wall |
| 12:16 | Crear | Spearman |
| 12:16 | Crear | Spearman |
| 12:23 | Construir | House |
| 12:27 | Construir | Palisade Wall |
| 12:32 | Construir | Palisade Wall |
| 12:43 | Construir | Palisade Wall |
| 12:45 | Construir | Palisade Wall |
| 12:46 | Construir | Palisade Wall |
| 12:49 | Crear | Villager (Male) |
| 12:55 | Crear | Archer |
| 12:56 | Crear | Archer |
| 12:57 | Investigar | Fletching |
| 13:13 | Crear | Villager (Male) |
| 13:30 | Crear | Archer |
| 13:30 | Crear | Archer |
| 13:44 | Crear | Archer |
| 13:44 | Crear | Archer |
| 13:45 | Crear | Villager (Male) |
| 13:48 | Construir | House |
| 13:50 | Construir | Palisade Wall |
| 13:55 | Crear | Villager (Male) |
| 14:00 | Investigar | Horse Collar |
| 14:12 | Construir | Palisade Wall |
| 14:13 | Construir | Palisade Wall |
| 14:20 | Construir | Palisade Wall |
| 14:22 | Construir | Palisade Wall |
| 14:25 | Construir | Palisade Wall |
| 14:25 | Construir | Palisade Wall |
| 14:26 | Construir | Palisade Wall |
| 14:46 | Crear | Villager (Male) |
| 14:50 | Crear | Villager (Male) |
| 15:00 | Crear | Archer |
| 15:01 | Crear | Archer |
| 15:05 | Construir | Farm |
| 15:06 | Construir | Farm |
| 15:08 | Construir | Farm |
| 15:15 | Construir | Farm |
| 15:32 | Crear | Villager (Male) |
| 15:35 | Construir | Farm |
| 15:37 | Construir | Farm |
| 15:45 | Construir | Farm |
| 15:58 | Crear | Archer |
| 15:58 | Crear | Archer |
| 16:15 | Crear | Villager (Male) |
| 16:26 | Crear | Villager (Male) |
| 16:33 | Crear | Archer |
| 16:33 | Crear | Archer |
| 16:38 | Construir | House |
| 16:39 | Construir | House |
| 16:50 | Crear | Archer |
| 16:50 | Crear | Archer |
| 16:58 | Construir | Farm |
| 17:29 | Construir | Farm |
| 17:30 | Construir | Farm |
| 17:36 | Crear | Skirmisher |
| 17:38 | Crear | Villager (Male) |
| 17:54 | Crear | Skirmisher |
| 17:54 | Crear | Skirmisher |
| 17:58 | Construir | House |
| 18:05 | Crear | Villager (Male) |
| 18:08 | Construir | Farm |
| 18:19 | Investigar | Padded Archer Armor |
| 18:20 | Crear | Skirmisher |
| 18:20 | Crear | Skirmisher |
| 18:23 | Construir | House |
| 18:37 | Crear | Skirmisher |
| 18:51 | Construir | Farm |
| 18:53 | Construir | Farm |
| 18:57 | Crear | Villager (Male) |
| 19:02 | Crear | Archer |
| 19:02 | Crear | Archer |
| 19:11 | Construir | Farm |
| 19:53 | Crear | Archer |
| 19:54 | Crear | Archer |
| 20:07 | Crear | Skirmisher |
| 20:07 | Crear | Skirmisher |
| 20:08 | Crear | Villager (Male) |
| 20:11 | Construir | Farm |
| 20:13 | Construir | Farm |
| 20:22 | Crear | Archer |
| 20:22 | Crear | Archer |
| 20:24 | Crear | Villager (Male) |
| 20:32 | Crear | Villager (Male) |
| 20:47 | Crear | Skirmisher |
| 20:47 | Crear | Skirmisher |
| 21:02 | Crear | Skirmisher |
| 21:02 | Crear | Skirmisher |
| 21:04 | Crear | Villager (Male) |
| 21:07 | Construir | Farm |
| 21:22 | Crear | Skirmisher |
| 21:23 | Crear | Archer |
| 21:24 | Crear | Villager (Male) |
| 21:48 | Crear | Archer |
| 21:48 | Crear | Archer |
Cronología de la partida
| 4:44 | CORP_Leugim · wall_segment Palisade Wall x1 |
| 5:59 | [BSF] Hobbes · wall_segment Palisade Wall x1 |
| 7:59 | CORP_Leugim · first_building Barracks |
| 8:37 | [BSF] Hobbes · first_building Barracks |
| 8:55 | CORP_Leugim · age_up feudal |
| 8:58 | CORP_Leugim · first_building Stable |
| 9:08 | CORP_Leugim · wall_segment Palisade Wall x5 |
| 9:13 | [BSF] Hobbes · wall_segment Palisade Wall x8 |
| 9:14 | [BSF] Hobbes · wall_segment Palisade Wall x1 |
| 9:20 | CORP_Leugim · wall_segment Palisade Wall x1 |
| 9:21 | CORP_Leugim · wall_segment Palisade Wall x1 |
| 9:22 | CORP_Leugim · wall_segment Palisade Wall x1 |
| 9:28 | CORP_Leugim · wall_segment Palisade Wall x1 |
| 9:29 | CORP_Leugim · wall_segment Palisade Wall x1 |
| 9:30 | CORP_Leugim · wall_segment Palisade Wall x1 |
| 9:30 | CORP_Leugim · wall_segment Palisade Wall x1 |
| 9:33 | CORP_Leugim · wall_segment Palisade Wall x4 |
| 9:37 | CORP_Leugim · wall_segment Palisade Wall x6 |
| 10:14 | [BSF] Hobbes · age_up feudal |
| 10:16 | [BSF] Hobbes · first_building Archery Range |
| 10:50 | [BSF] Hobbes · wall_segment Palisade Wall x4 |
| 12:00 | [BSF] Hobbes · wall_segment Palisade Wall x1 |
| 12:02 | [BSF] Hobbes · wall_segment Palisade Wall x1 |
| 12:04 | [BSF] Hobbes · wall_segment Palisade Wall x1 |
| 12:14 | CORP_Leugim · first_building Archery Range |
| 12:27 | [BSF] Hobbes · wall_segment Palisade Wall x1 |
| 12:32 | [BSF] Hobbes · wall_segment Palisade Wall x2 |
| 12:43 | [BSF] Hobbes · wall_segment Palisade Wall x1 |
| 12:45 | [BSF] Hobbes · wall_segment Palisade Wall x1 |
| 12:46 | [BSF] Hobbes · wall_segment Palisade Wall x1 |
| 13:50 | [BSF] Hobbes · wall_segment Palisade Wall x8 |
| 14:12 | [BSF] Hobbes · wall_segment Palisade Wall x1 |
| 14:13 | [BSF] Hobbes · wall_segment Palisade Wall x1 |
| 14:20 | [BSF] Hobbes · wall_segment Palisade Wall x1 |
| 14:22 | [BSF] Hobbes · wall_segment Palisade Wall x1 |
| 14:25 | [BSF] Hobbes · wall_segment Palisade Wall x1 |
| 14:25 | [BSF] Hobbes · wall_segment Palisade Wall x1 |
| 14:26 | [BSF] Hobbes · wall_segment Palisade Wall x1 |
| 14:57 | CORP_Leugim · wall_segment Palisade Wall x4 |
| 14:59 | CORP_Leugim · wall_segment Palisade Wall x11 |
| 16:36 | CORP_Leugim · wall_segment Palisade Wall x1 |
| 23:13 | CORP_Leugim · age_up castle |
| 23:29 | CORP_Leugim · first_market_buy 100 food |
| 24:57 | CORP_Leugim · first_building Siege Workshop |
| 25:22 | [BSF] Hobbes · age_up castle |
| 25:41 | CORP_Leugim · first_building Monastery |
| 25:55 | [BSF] Hobbes · wall_segment Palisade Wall x1 |
| 25:56 | [BSF] Hobbes · wall_segment Palisade Wall x1 |
| 26:59 | [BSF] Hobbes · wall_segment Palisade Wall x1 |
| 30:02 | [BSF] Hobbes · first_building Siege Workshop |
| 38:45 | [BSF] Hobbes · age_up imperial |
| 40:11 | CORP_Leugim · first_building Castle |
| 40:45 | [BSF] Hobbes · first_market_sell 100 food |
| 41:52 | [BSF] Hobbes · wall_segment Palisade Wall x1 |
| 41:54 | [BSF] Hobbes · wall_segment Palisade Wall x1 |
| 41:57 | [BSF] Hobbes · wall_segment Palisade Wall x1 |
| 42:38 | CORP_Leugim · age_up imperial |
| 45:30 | [BSF] Hobbes · first_building Castle |
| 45:40 | [BSF] Hobbes · resign |
[ ANÁLISIS IA · 1 CRÉDITO ]
¿Qué pasó realmente en esta partida?
Wolo.gg analiza cada decisión: build order, eco, micro, errores típicos por bracket. Análisis personalizado por WhatsApp o Discord en 30 segundos.
Guía civ
Bengalíes
Perfil
Jugador #3238641